 Dungeon Crawl Stone Soup version 0.29-a0-23-ga79f92ac9c (webtiles) character file.

Game seed: 9275585542132835079

24940 ChadThundercock the Severer (level 12, -2/115 HPs)
             Began as a Minotaur Berserker on Jan 30, 2022.
             Was a High Priest of Trog.
             Slain by a salamander (12 damage)
             ... in a volcano.
             The game lasted 00:37:38 (18794 turns).

ChadThundercock the Severer (Minotaur Berserker)   Turns: 18794, Time: 00:37:38

Health: -2/115     AC: 13    Str: 27 (28) XL:     12   Next: 85%
Magic:  11/11      EV: 11    Int:  3 (4)  God:    Trog [*****.]
Gold:   1052       SH:  7    Dex:  9      Spells: 11/11 levels left

rFire   . . .      SeeInvis +   N - +0 broad axe (freeze)
rCold   . . .      Faith    +   f - +2 buckler
rNeg    . . .      Spirit   .   g - +0 scale mail
rPois   .          Reflect  .   S - +2 hat
rElec   .          Harm     .   y - scarf {repulsion}
rCorr   .          Rampage  .   t - +0 pair of gloves
Will    ++...                   J - +0 pair of boots
Stlth   +.........              W - amulet of Ykuucwaj {Faith Will+ Stlth+}
HPRegen 0.29/turn               v - ring of see invisible
MPRegen 0.12/turn               h - ring of willpower

@: repel missiles
A: horns 2, retaliatory headbutt, deterioration 1
a: Renounce Religion, Berserk, Trog's Hand, Brothers in Arms


You were in a volcano.
You worshipped Trog.
Trog was extremely pleased with you.
You visited 2 branches of the dungeon, and saw 16 of its levels.
You also visited: Ossuary and Volcano.

You collected 1052 gold pieces.


Innate Abilities, Weirdness & Mutations

You have a pair of horns on your head.
You reflexively headbutt those who attack you in melee.
Your body sometimes deteriorates upon taking damage.


   Skills:
 + Level 13.0 Fighting
 + Level 15.8 Axes
 + Level 9.7 Armour
 - Level 5.0 Dodging
 - Level 8.0 Shields
 + Level 8.1 Evocations


You had 11 spell levels left.
You didn't know any spells.
Your spell library contained the following spells:

 Spells                   Type           Power      Damage    Failure   Level
 Shock                    Conj/Air       0%         1d3       83%         1
 Sting                    Tmut/Pois      0%         1d3       83%         1
 Poisonous Vapours        Pois/Air       0%         N/A       92%         2
 Ozocubu's Armour         Ice            0%         N/A       99%         3
 Swiftness                Air            0%         N/A       99%         3
 Tukima's Dance           Hex            0%         N/A       99%         3
 Airstrike                Air            0%         N/A       100%        4
 Anguish                  Hex/Necr       0%         N/A       100%        4
 Olgreb's Toxic Radiance  Pois           0%         N/A       100%        4
 Alistair's Intoxication  Tmut/Pois      0%         N/A       100%        5
 Borgnjor's Vile Clutch   Necr/Erth      0%         N/A       100%        5
 Metabolic Englaciation   Hex/Ice        0%         N/A       100%        5
 Eringya's Noxious Bog    Tmut/Pois      0%         N/A       100%        6
 Simulacrum               Ice/Necr       0%         N/A       100%        6
 Enfeeble                 Hex            0%         N/A       100%        7

Inventory:

Hand Weapons
 a - a +0 hand axe
 i - the +0 short sword "Zatziagg" {drain, *Slow +Blink rPois Int+9}
   (You found it on level 2 of the Dungeon)

   A truly terrible weapon, it drains the life of any living foe it strikes.
   Int:       It affects your intelligence (+9).
   rPois:     It protects you from poison.
   +Blink:    It lets you blink.
   *Slow:     It may slow you when you take damage.
 s - the +7 quarterstaff "Savene" {vorpal, Stlth+}
   (You found it on level 5 of the Dungeon)

   It inflicts extra damage upon your enemies.
   Stlth:     It makes you more stealthy.
 F - a +5 hand axe
   (You took it off a wight on level 7 of the Dungeon)
 I - the +6 hunting sling "Qiatatar" {flame, rF+ rN+}
   (You found it on level 8 of the Dungeon)

   Any ammunition fired from it burns those it strikes, dealing additional fire
   damage.
   rF:        It protects you from fire.
   rN:        It protects you from negative energy.
 K - the +11 mace "Grim" {speed, rC+ rN++ Will- Stlth+}
   (You found it on level 9 of the Dungeon)

   Attacks with this weapon are significantly faster.
   rC:        It protects you from cold.
   rN:        It greatly protects you from negative energy.
   Will:      It decreases your willpower.
   Stlth:     It makes you more stealthy.
 N - a +0 broad axe of freezing (weapon)
   (You found it on level 10 of the Dungeon)
Armour
 b - a +0 animal skin
 f - a +2 buckler (worn)
   (You took it off a spriggan on level 10 of the Dungeon)
 g - a +0 scale mail (worn)
   (You found it on level 1 of the Dungeon)
 q - an orb of wrath
   (You found it on level 5 of the Dungeon)
 t - a +0 pair of gloves (worn)
   (You found it on level 11 of the Dungeon)
 y - a scarf of repulsion (worn)
   (You found it on level 6 of the Dungeon)
 J - a +0 pair of boots (worn)
   (You found it on level 8 of the Dungeon)
 S - a +2 hat (worn)
   (You took it off Gastronok on level 2 of the Lair of Beasts)
Jewellery
 h - a ring of willpower (right hand)
   (You found it on level 7 of the Dungeon)
 v - a ring of see invisible (left hand)
   (You found it on level 5 of the Dungeon)
 O - an amulet of reflection
   (You found it on level 10 of the Dungeon)
 W - the amulet of Ykuucwaj (around neck) {Faith Will+ Stlth+}
   (You found it on level 3 of the Lair of Beasts)

   [amulet of faith]

   It allows you to gain divine favour quickly.
   Will:      It increases your willpower.
   Stlth:     It makes you more stealthy.
Wands
 o - a wand of paralysis (5)
   (You found it on level 3 of the Dungeon)
 p - a wand of polymorph (17)
   (You found it on level 4 of the Dungeon)
 r - a wand of charming (6)
   (You found it on level 5 of the Dungeon)
 u - a wand of acid (10)
   (You found it on level 5 of the Dungeon)
 A - a wand of iceblast (8)
   (You found it on level 6 of the Dungeon)
 H - a wand of mindburst (5)
   (You found it on level 8 of the Dungeon)
 P - a wand of flame (10)
   (You found it on level 10 of the Dungeon)
Scrolls
 j - a scroll of amnesia {unknown}
 l - 5 scrolls of fog
 n - 2 scrolls of fear
 x - 2 scrolls of immolation {!r!r}
 z - 4 scrolls of teleportation {@r4}
 B - a scroll of summoning
 E - a scroll of silence {!r}
 L - a scroll of blinking {!r}
 M - 2 scrolls of vulnerability {!r!r}
 R - a scroll of enchant weapon
Potions
 c - a potion of ambrosia
 d - 6 potions of lignification {!q}
 e - 2 potions of attraction {!q}
 k - 2 potions of magic
 m - a potion of curing {@q1}
 w - a potion of brilliance {unknown}
 C - a potion of might
 D - 3 potions of heal wounds {unknown}
 Q - a potion of degeneration {unknown}
 T - a potion of flight {unknown}
 V - a potion of haste {@q3}
Miscellaneous
 U - a phial of floods
   (You found it on level 2 of the Lair of Beasts)

Dungeon Overview and Level Annotations

Branches:
Dungeon (12/15)            Temple (0/1) D:5            Lair (4/6) D:11
 Shoals (0/4) Lair:4       Spider (0/4) Lair:2          Orc (0/2) D:9
Ossuary (visited)         Volcano (1/1)

Altars:
Cheibriados
Dithmenos
Elyvilon
Gozag
Hepliaklqana
Kikubaaqudgha
Okawaru
Trog
Uskayaw
Wu Jian
The Shining One

Shops:
D:11

( .§...## §≈≈§....#.## #
§≈§§≈≈≈≈.....# §##
§≈≈§§§≈≈≈.... #§§#
≈§§§≈≈§≈....## #≈≈≈#
§≈≈≈≈§≈≈§....# #§§≈≈≈
≈§≈§§§≈.....#### #≈≈..≈≈
≈≈§≈≈≈.......#.##.∩.....
...........##...@N.....#
..#.....######.......##
###.###### #########
##..∩...# ##..∩....#
#.......## #≈≈≈..≈≈≈#
##≈§≈≈≈≈## ##≈≈≈≈##


You could see a salamander.


Message History

Found a dark tunnel.
The hell hound barks! x2
You block the hell hound's attack.
You slash the hell hound! You freeze the hell hound!
You barely miss the hell hound. You block the hell hound's attack.
The hell hound bites you but does no damage.
You block the hell hound's attack.
You hit the hell hound but do no damage.
Your headbutt misses the hell hound. You closely miss the hell hound.
The hell hound bites you but does no damage.
You block the hell hound's attack.
You slash the hell hound! You freeze the hell hound. You slash the hell hound!
You freeze the hell hound.
You kill the hell hound!
Trog accepts your kill. You block the hell hound's attack.
You hit the hell hound. You freeze the hell hound.
Your headbutt misses the hell hound. The hell hound breathes flames at you.
The blast of flame hits you!
HP[-8]
You take 8 damage, and now have 107/115 hp.
You hit the hell hound. You freeze the hell hound. The hell hound bites you.
The hell hound bites you but does no damage.
HP[-6]
You take 6 damage, and now have 101/115 hp.
You barely miss the hell hound. The hell hound bites you.
HP[-3]
You take 3 damage, and now have 98/115 hp.
Clearing level map.
You slash the hell hound! You freeze the hell hound.
You kill the hell hound!
Trog accepts your kill.
You see here a hell hound corpse.
HP[+1]
You start resting.
You hear the slow rumble of an avalanche of rocks.
HP[+16]
Your hp is fully restored (115).
There is a dark tunnel here.
The world spins around you as you enter the gateway.
You enter a volcano!
You are engulfed in blazing flames.
Found a rocky tunnel leading out of this place.
There is a rock-blocked tunnel here.
HP[-7]
You take 7 damage, and now have 108/115 hp.
You are engulfed in blazing flames.
HP[-16]
You take 16 damage, and now have 92/115 hp.
Really walk into that cloud of flame?
Okay, then.
HP[+1] HP[+1] HP[+1]
A salamander comes into view. It is wielding a +2 halberd.
Found a rocky tunnel leading out of this place.
HP[+1]
You block the salamander's attack.
You hit the salamander. You freeze the salamander.
The salamander barely misses you.
HP[+1]
You slash the salamander! You freeze the salamander.
The salamander hits you with a +2 halberd!!
You are engulfed in flames!
HP[-34]
You take 34 damage, and now have 63/115 hp.
MASSIVE DAMAGE!! (PAUSE)
You slice the salamander!! You freeze the salamander!
The salamander barely misses you. You furiously retaliate!
You headbutt the salamander, but do no damage.
You barely miss the salamander. You headbutt the salamander!
You closely miss the salamander.
The salamander hits you with a +2 halberd!
* * * LOW HITPOINT WARNING * * *
You are engulfed in flames!
* * * LOW HITPOINT WARNING * * *
HP[-25]
You take 25 damage, and now have 38/115 hp.
MASSIVE DAMAGE!! (PAUSE)
You hit the salamander but do no damage.
The salamander hits you with a +2 halberd!
* * * LOW HITPOINT WARNING * * *
You are engulfed in flames!
* * * LOW HITPOINT WARNING * * *
HP[-24]
You take 24 damage, and now have 14/115 hp.
MASSIVE DAMAGE!! (PAUSE)
You feel better. You block the salamander's attack.
HP[+7]
You regained 7 hp, and now have 21/115 hp.
You feel better.
The salamander hits you with a +2 halberd.
* * * LOW HITPOINT WARNING * * *
You are engulfed in flames!
* * * LOW HITPOINT WARNING * * *
You feel better.
The salamander hits you with a +2 halberd!
* * * LOW HITPOINT WARNING * * *
You are engulfed in flames!
You die...

Skill      XL: |  1  2  3  4  5  6  7  8  9 10 11 12 |
---------------+-------------------------------------+-----
Axes           | 4 5 7 8 9 10 12 13 15 | 15.8
Fighting       | 4 6 7 8 10 12 13 | 13.0
Evocations     | 2 3 5 7 8 |  8.1
Armour         | 3 7 8 9 |  9.7
Shields        | 2 8 |  8.0
Dodging        | 5 |  5.0

Action                   |  1- 3 |  4- 6 |  7- 9 | 10-12 || total
-------------------------+-------+-------+-------+-------++-------
Melee: Hand axe          |    82 |   115 |   289 |    88 ||   574
       Headbutt          |    12 |    15 |    56 |    81 ||   164
       Broad axe         |       |       |       |   310 ||   310
       Punch             |       |       |       |     1 ||     1
Throw: Dart              |       |       |     2 |     3 ||     5
Invok: Berserk           |     1 |     3 |     4 |     8 ||    16
       Trog's Hand       |       |     1 |     1 |     2 ||     4
       Brothers in Arms  |       |       |     1 |     1 ||     2
Evoke: Wand              |       |       |       |    31 ||    31
  Use: Scroll            |       |       |     8 |    13 ||    21
       Potion            |       |       |     2 |    18 ||    20
 Stab: Paralysed         |       |       |       |     4 ||     4
Armor: Animal skin       |     5 |       |       |       ||     5
       Scale mail        |    29 |    55 |    85 |    99 ||   268
       Skin              |       |       |     5 |    13 ||    18
Dodge: Dodged            |    53 |    80 |   144 |   170 ||   447
       Repelled          |       |       |       |     4 ||     4
Block: Buckler           |       |       |       |   161 ||   161
       Other             |       |       |       |     7 ||     7
       Reflection        |       |       |       |     2 ||     2

Levels and vault maps discovered:
D:1:      giann_forest_graveyard, layout_basic, minmay_pentomino_v2
D:2:      layout_basic, basic_altar, uniq_robin
D:3:      layout_basic, hellmonk_ecumenical_altar_lost_god
D:4:      layout_basic, minmay_misc_feat_encased,
          chequers_serial_rivers_micro_d, minmay_between
D:5:      layout_loops_cross, temple_hall, dk_rats_in_the_wall
D:6:      layout_cave_pods, minivault_27
D:7:      layout_basic, nicolae_kikubaaqudgha_miasma_corner,
          nicolae_overflow_hallway_of_the_gods, nicolae_ossuary_entry_monument,
          minmay_misc_feat_square
D:8:      lemuel_insect_pit, layout_loops_ring
D:9:      layout_rooms, orc_0_dummy
D:10:     layout_loops_cross, beargit_hepliaklqana_dungeon_heroes,
          grunt_temple_overflow_diamond
D:11:     nicolae_BIG_FREAKIN_CUBE, layout_basic, serial_shops,
          nicolae_take_the_stairs, uniq_fannar
D:12:     layout_long_grid, minmay_guarded_unrand_prune
Lair:1:   layout_cellular_growth, uniq_maggie
Lair:2:   layout_chaotic_city, hellmonk_spider_entry_life_and_decay,
          uniq_gastronok
Lair:3:   layout_chaotic_city
Lair:4:   layout_cave_pods, elwin_shoals_entry_stream, enter_volcano_3,
          infiniplex_staircase_pool
Volcano:  volcano_pools

Notes
Turn   | Place    | Note
-------+----------+-------------------------------------------
     0 | D:1      | ChadThundercock the Minotaur Berserker began the quest for
                  | the Orb.
     0 | D:1      | Reached XP level 1. HP: 19/19 MP: 0/0
     0 | D:1      | magus.rc [v1.11.3]
    66 | D:1      | Reached skill level 4 in Axes
   356 | D:1      | Reached XP level 2. HP: 25/26 MP: 1/1
   716 | D:2      | Identified the +0 short sword "Zatziagg" {drain, *Slow
                  | +Blink rPois Int+9}
   803 | D:2      | Reached skill level 5 in Axes
   826 | D:2      | Reached XP level 3. HP: 31/31 MP: 2/2
   835 | D:2      | Reached ** piety under Trog
   872 | D:2      | Found a shadowy altar of Dithmenos.
   932 | D:2      | You pick up a book of Air {forbidden} and begin reading...
   932 | D:2      | You add the spells Shock, Swiftness and Airstrike to your
                  | library.
  1001 | D:2      | Noticed Robin
  1014 | D:2      | Killed Robin
  1023 | D:2      | HP: 7/31 [poisoned by an adder]
  1360 | D:2      | Reached XP level 4. HP: 36/39 MP: 3/3
  1588 | D:3      | Reached skill level 6 in Axes
  1903 | D:3      | Found a faded altar of an unknown god.
  1907 | D:3      | Noticed an ice beast
  1916 | D:3      | Killed an ice beast
  1917 | D:3      | Reached skill level 7 in Axes
  1917 | D:3      | Reached XP level 5. HP: 44/45 MP: 4/4
  1942 | D:3      | You add the spells Sting, Poisonous Vapours and Olgreb's
                  | Toxic Radiance to your library.
  2557 | D:4      | Reached skill level 8 in Axes
  2700 | D:4      | Reached XP level 6. HP: 31/52 MP: 5/5
  2811 | D:4      | Reached skill level 4 in Fighting
  2938 | D:4      | Reached skill level 1 in Evocations
  2954 | D:4      | HP: 13/52 [iguana (10)]
  3274 | D:4      | Noticed a water moccasin
  3280 | D:4      | Killed a water moccasin
  3281 | D:4      | Reached skill level 2 in Evocations
  3281 | D:4      | Reached XP level 7. HP: 60/60 MP: 6/6
  3453 | D:4      | You pick up a book of Maledictions {forbidden} and begin
                  | reading...
  3453 | D:4      | You add the spells Tukima's Dance, Anguish and Enfeeble to
                  | your library.
  3901 | D:5      | Entered Level 5 of the Dungeon
  3918 | D:5      | Reached skill level 5 in Fighting
  4012 | D:5      | Reached skill level 9 in Axes
  4294 | D:5      | Reached skill level 3 in Evocations
  4414 | D:5      | Identified the +7 quarterstaff "Savene" {vorpal, Stlth+}
  4451 | D:5      | Reached skill level 6 in Fighting
  4500 | D:5      | You pick up a book of Winter {forbidden} and begin
                  | reading...
  4500 | D:5      | You add the spells Ozocubu's Armour, Metabolic Englaciation
                  | and Simulacrum to your library.
  4998 | D:5      | Found a staircase to the Ecumenical Temple.
  5073 | D:5      | magus.rc [v1.11.3]
  5073 | D:5      | magus.rc [v1.11.3]
  5078 | D:5      | Reached XP level 8. HP: 70/70 MP: 7/7
  5078 | D:5      | Reached *** piety under Trog
  5155 | D:6      | Reached skill level 4 in Evocations
  5160 | D:6      | HP: 17/71 [poisoned by a water moccasin]
  5579 | D:6      | Reached skill level 7 in Fighting
  5579 | D:6      | Reached skill level 10 in Axes
  6085 | D:6      | Reached **** piety under Trog
  6363 | D:6      | Reached skill level 5 in Evocations
  6469 | D:6      | Reached XP level 9. HP: 81/81 MP: 8/8
  6816 | D:7      | Reached skill level 8 in Fighting
  6873 | D:7      | Found an ancient bone altar of Kikubaaqudgha.
  6918 | D:7      | Found an ornate altar of the Wu Jian Council.
  6924 | D:7      | Found a glowing golden altar of the Shining One.
  6987 | D:7      | Found a sand-covered staircase.
  7092 | Ossuary  | Entered an ossuary
  7196 | Ossuary  | Reached skill level 11 in Axes
  7916 | D:7      | Found a hide-covered altar of Uskayaw.
  7931 | D:7      | HP: 12/70 [wight (8)]
  7936 | D:7      | Reached skill level 6 in Evocations
  8141 | D:7      | Found an iron altar of Okawaru.
  8149 | D:7      | Found a bloodstained altar of Trog.
  8871 | D:8      | Noticed a boulder beetle
  8882 | D:8      | Killed a boulder beetle
  8883 | D:8      | Reached skill level 12 in Axes
  8883 | D:8      | Reached skill level 7 in Evocations
  9011 | D:8      | Found a runed translucent door.
  9015 | D:8      | You add the spells Alistair's Intoxication, Borgnjor's Vile
                  | Clutch and Eringya's Noxious Bog to your library.
  9016 | D:8      | Found a runed translucent door.
  9023 | D:8      | Reached skill level 3 in Armour
  9317 | D:8      | Reached XP level 10. HP: 80/90 MP: 9/9
  9434 | D:8      | Reached skill level 4 in Armour
  9468 | D:8      | Identified the +6 hunting sling "Qiatatar" {flame, rF+ rN+}
  9887 | D:9      | Reached skill level 9 in Fighting
  9903 | D:9      | Identified the +11 mace "Grim" {speed, rC+ rN++ Will-
                  | Stlth+}
 10189 | D:9      | Reached skill level 5 in Armour
 10286 | D:9      | Found a staircase to the Orcish Mines.
 10669 | D:10     | Entered Level 10 of the Dungeon
 10882 | D:10     | Found a white marble altar of Elyvilon.
 10886 | D:10     | Found an opulent altar of Gozag.
 10889 | D:10     | Found a snail-covered altar of Cheibriados.
 11010 | D:10     | Reached skill level 13 in Axes
 11068 | D:10     | Reached skill level 6 in Armour
 11075 | D:10     | Reached skill level 10 in Fighting
 11612 | D:10     | Noticed a gargoyle
 11616 | D:10     | Found a hazy altar of Hepliaklqana.
 11617 | D:10     | Paralysed by a spriggan for 2 turns
 11621 | D:10     | HP: 23/93 [gargoyle (10)]
 11624 | D:10     | HP: 9/93 [gargoyle (20)]
 11630 | D:10     | HP: 16/136 [gargoyle/stone arrow (23)]
 11635 | D:10     | HP: 20/129 [gargoyle (3)]
 11636 | D:10     | Killed a gargoyle
 11637 | D:10     | Reached skill level 7 in Armour
 11641 | D:10     | HP: 27/130 [spriggan (5)]
 11834 | D:10     | Found a faded altar of an unknown god.
 12116 | D:11     | Noticed Fannar
 12124 | D:11     | Killed Fannar
 12125 | D:11     | Reached skill level 2 in Shields
 12125 | D:11     | Reached XP level 11. HP: 100/100 MP: 10/10
 12384 | D:11     | Noticed a two-headed ogre
 12386 | D:11     | Noticed a boulder beetle
 12391 | D:11     | Killed a two-headed ogre
 12392 | D:11     | Reached skill level 3 in Shields
 12392 | D:11     | Noticed a two-headed ogre
 12401 | D:11     | Noticed a boulder beetle
 12407 | D:11     | Noticed a fire dragon
 12407 | D:11     | a boulder beetle changed into a fire dragon
 12408 | D:11     | HP: 23/101 [fire dragon/blast of flame (51)]
 12662 | D:11     | Gained mutation: Your body sometimes deteriorates upon
                  | taking damage. [potion of mutation]
 12676 | D:11     | Killed a fire dragon
 12677 | D:11     | Reached skill level 4 in Shields
 12855 | D:11     | Killed a boulder beetle
 12856 | D:11     | Reached skill level 11 in Fighting
 12856 | D:11     | Reached skill level 14 in Axes
 12856 | D:11     | Reached skill level 8 in Armour
 13067 | D:11     | Found a staircase to the Lair.
 13153 | D:11     | Found Zeosog's Antique Weapon Boutique.
 13668 | Lair:1   | Entered Level 1 of the Lair of Beasts
 13674 | Lair:1   | Reached skill level 5 in Shields
 13990 | Lair:1   | Noticed Maggie
 14002 | Lair:1   | Killed Maggie
 14173 | Lair:1   | Reached skill level 6 in Shields
 14402 | Lair:1   | Reached skill level 7 in Shields
 14667 | Lair:1   | Reached skill level 8 in Shields
 15103 | Lair:2   | Noticed Gastronok
 15335 | Lair:2   | Reached skill level 12 in Fighting
 15592 | Lair:2   | Killed Gastronok
 15593 | Lair:2   | Reached skill level 15 in Axes
 15593 | Lair:2   | Reached XP level 12. HP: 112/112 MP: 11/11
 15728 | Lair:2   | Noticed a boulder beetle
 15747 | Lair:2   | Killed a boulder beetle
 15748 | Lair:2   | Reached skill level 3 in Dodging
 15927 | Lair:2   | Noticed a four-headed hydra
 15936 | Lair:2   | Killed a five-headed hydra
 16249 | Lair:2   | Found a hole to the Spider Nest.
 16500 | Lair:2   | Noticed a five-headed hydra
 16504 | Lair:2   | Killed a five-headed hydra
 16504 | Lair:2   | Reached ***** piety under Trog
 16897 | Lair:3   | Reached skill level 4 in Dodging
 17164 | Lair:3   | Reached skill level 9 in Armour
 17204 | Lair:3   | Identified the amulet of Ykuucwaj {Faith Will+ Stlth+}
 17277 | Lair:3   | Noticed a boulder beetle
 17330 | Lair:3   | Killed a boulder beetle
 17636 | Lair:3   | Reached skill level 5 in Dodging
 17757 | Lair:3   | Reached skill level 8 in Evocations
 17764 | Lair:3   | Reached skill level 13 in Fighting
 17766 | Lair:3   | HP: 28/115 [blink frog (9)]
 18702 | Lair:4   | Found a dark tunnel.
 18768 | Volcano  | Entered a volcano
 18791 | Volcano  | HP: 25/115 [salamander (14)]
 18794 | Volcano  | HP: 10/115 [salamander (17)]
 18794 | Volcano  | Slain by a salamander

Vanquished Creatures
  Gastronok (Lair:2)
  A fire dragon (D:11)
  Fannar (D:11)
  4 boulder beetles
  2 hydras (Lair:2)
  A two-headed ogre (D:11)
  2 black mambas
  4 elephants
  A molten gargoyle (Lair:3)
  6 cane toads
  Maggie (Lair:1)
  A rime drake (Lair:3)
  3 komodo dragons
  4 blink frogs (Lair:3)
  A hornet (D:10)
  2 culicivoras (Lair:2)
  A shadow (D:10)
  3 wyverns
  A wraith (D:9)
  A basilisk (Lair:3)
  22 yaks
  3 fire bats (Lair:3)
  A vampire mosquito (D:8)
  An acid dragon (D:10)
  9 water moccasins
  2 hell hounds (Lair:4)
  3 orc warriors
  2 black bears
  A necrophage (D:8)
  2 ice beasts
  A sky beast (D:8)
  3 ogres
  3 centaurs
  A kobold brigand (D:6)
  2 phantoms
  10 bullfrogs
  A wyvern zombie (D:7)
  5 scorpions (D:8)
  6 killer bees
  11 wights
  An electric eel (Lair:4)
  2 centaur zombies
  2 lava snakes (Lair:3)
  2 centaur skeletons
  7 hounds
  3 orc priests
  6 iguanas
  8 orc wizards
  4 killer bee zombies
  12 mummies (Ossuary)
  Robin (D:2)
  A howler monkey skeleton (D:7)
  7 adders
  4 gnolls (D:6)
  8 river rats (D:5)
  A shadow imp (D:8)
  A white imp (D:7)
  An adder skeleton (D:4)
  2 worms
  2 dart slugs
  29 orcs
  7 bats
  5 endoplasms
  10 giant cockroaches
  15 goblins
  11 hobgoblins
  2 jackals (D:4)
  9 kobolds
  2 quokkas (D:3)
  3 ball pythons
  3 frilled lizards
  2 gnoll skeletons (Ossuary)
  A goblin skeleton (Ossuary)
  3 kobold skeletons (Ossuary)
  2 orc skeletons (Ossuary)
  20 rats
  11 rat skeletons (Ossuary)
  A butterfly (D:8)
  A fire vortex (Lair:3)
342 creatures vanquished.

Vanquished Creatures (collateral kills)
  A black mamba (Lair:1)
  A gargoyle (D:10)
  A spriggan (D:10)
  3 wights (D:7)
6 creatures vanquished.

Vanquished Creatures (others)
  A two-headed ogre (D:11)
  A manticore (D:11)
  7 fungi
  12 plants
21 creatures vanquished.

Grand Total: 369 creatures vanquished

Table legend:
 A = Non-vault XP
 B = Vault XP
 C = Vault XP percentage of total XP
 D = Non-vault monster count
 E = Vault monster count
 F = Vault count percentage of total count
                 A         B        C        D         E       F
            +---------+---------+-------+---------+---------+-------
      Total |   30324 |    5305 |  14.9 |     258 |      89 |  25.6
            +---------+---------+-------+---------+---------+-------
        D:1 |      24 |       4 |  14.3 |      15 |       2 |  11.8
        D:2 |      42 |      27 |  39.1 |      16 |       7 |  30.4
        D:3 |     200 |       0 |   0.0 |      22 |       0 |   0.0
        D:4 |     371 |     130 |  25.9 |      20 |       6 |  23.1
        D:5 |     622 |     119 |  16.1 |      17 |      21 |  55.3
        D:6 |    1276 |       0 |   0.0 |      27 |       0 |   0.0
        D:7 |     653 |       0 |   0.0 |      11 |       0 |   0.0
        D:8 |    1490 |     661 |  30.7 |      12 |      13 |  52.0
        D:9 |    1666 |       0 |   0.0 |      21 |       0 |   0.0
       D:10 |    2190 |     654 |  23.0 |      17 |       2 |  10.5
       D:11 |    3486 |     889 |  20.3 |      14 |       1 |   6.7
     Lair:1 |    5302 |     409 |   7.2 |      22 |       1 |   4.3
     Lair:2 |    5593 |    1878 |  25.1 |      17 |       3 |  15.0
     Lair:3 |    7352 |       0 |   0.0 |      26 |       0 |   0.0
     Lair:4 |      57 |     296 |  83.9 |       1 |       2 |  66.7
    Ossuary |       0 |     238 | 100.0 |       0 |      31 | 100.0
            +---------+---------+-------+---------+---------+-------

Illustrated notes

Table legend:
 A = Kills in this place as a percentage of kills in entire the game.
 B = Kills by you in this place as a percentage of kills by you in the entire game.
 C = Kills by friends in this place as a percentage of kills by friends in the entire game.
 D = Other kills in this place as a percentage of other kills in the entire game.
 E = Experience gained in this place as a percentage of experience gained in the entire game.
 F = Experience gained in this place divided by the number of levels of this place that you have seen.
                   A       B       C       D       E      F
               +-------+-------+-------+-------+-------+----------------------
         Total | 100.0 | 100.0 | 100.0 | 100.0 | 100.0 | 1979.4
       Dungeon |  70.3 |  70.0 |  83.3 | 100.0 |  40.7 | 1208.7
          Lair |  20.7 |  20.9 |  16.7 |   0.0 |  58.6 | 5221.8
       Ossuary |   8.9 |   9.1 |   0.0 |   0.0 |   0.7 | 238.0
               +-------+-------+-------+-------+-------+----------------------

Table legend: (Time is in decaauts)
 A = Elapsed time spent in this place.
 B = Non-inter-level travel time spent in this place.
 C = Inter-level travel time spent in this place.
 D = Time resting spent in this place.
 E = Time spent auto-exploring this place.
 F = Levels seen in this place.
 G = Mean time per level.
                   A        B        C        D        E       F      G
               +--------+--------+--------+--------+--------+-----+--------+
         Total |  19006 |  18530 |    476 |   3511 |  12308 |  18 | 1055.9 |
       Dungeon |  13301 |  12879 |    422 |   1944 |   9164 |  12 | 1108.4 |
          Lair |   5106 |   5053 |     53 |   1308 |   3097 |   4 | 1276.5 |
       Ossuary |    574 |    574 |      0 |    258 |     47 |   1 |  574.0 |
       Volcano |     24 |     24 |      0 |      0 |      0 |   1 |   24.0 |
               +--------+--------+--------+--------+--------+-----+--------+

Top non-repeatable levels by time:
  Lair:1: 1869 daAuts
     D:6: 1720 daAuts
  Lair:2: 1578 daAuts
    D:11: 1545 daAuts
  Lair:3: 1516 daAuts
    D:10: 1398 daAuts
     D:4: 1393 daAuts
     D:5: 1276 daAuts
     D:7: 1214 daAuts
     D:8: 1141 daAuts
     D:9: 1017 daAuts
     D:2: 948 daAuts
     D:3: 947 daAuts
     D:1: 649 daAuts
 Ossuary: 574 daAuts
